 Dungeon Crawl Stone Soup version 0.25-b1-39-g0d900dab71 (webtiles) character file.

Game seed: 3997532832846084894

25 gruber the Skirmisher (level 2, 0/25 HPs)
             Began as a Demonspawn Chaos Knight on June 7, 2020.
             Was a Plaything of Xom.
             Succumbed to an adder's poison
             ... on level 2 of the Dungeon.
             The game lasted 00:01:29 (791 turns).

gruber the Skirmisher (Demonspawn Chaos Knight)      Turns: 791, Time: 00:01:30

Health: 0/25       AC:  5    Str: 12    XL:     2   Next: 86%
Magic:  0/2        EV: 11    Int: 13    God:    Xom [.*....]
Gold:   23         SH:  0    Dex: 12    Spells: 1/1 levels left

rFire    + . .     SeeInvis .   a - +1 spear (chaos)
rCold    + . .     Gourm    .   (no shield)
rNeg     . . .     Faith    .   b - +2 leather armour
rPois    +         Spirit   +   (no helmet)
rElec    +         Reflect  .   (no cloak)
rCorr    +         Harm     .   (no gloves)
MR       .....                  (no boots)
Stlth    +.........             (no amulet)
HPRegen  0.08/turn              (no ring)
MPRegen  0.08/turn              (no ring)

@: lethally poisoned (0 -> -10), resistant, very slightly contaminated
A: magic shield
a: Renounce Religion


You were on level 2 of the Dungeon.
You worshipped Xom.
You were a plaything of Xom.
You were not hungry.

You visited 1 branch of the dungeon, and saw 2 of its levels.

You collected 23 gold pieces.

Inventory:

Hand Weapons
 a - a +1 spear of chaos (weapon)
Armour
 b - a +2 leather armour (worn)
Potions
 d - a potion of haste
 e - a potion of resistance
 l - a potion of might {unknown}
Comestibles
 c - 3 rations


   Skills:
 + Level 4.1 Fighting
 - Level 2.6 Polearms
 - Level 1.7 Armour
 - Level 0.8 Dodging


You had one spell level left.
You didn't know any spells.
Your spell library was empty.

Dungeon Overview and Level Annotations

Branches:
Dungeon (2/15)

Altars:

Annotations:
D:2 Crazy Yiuf, Jessica


Innate Abilities, Weirdness & Mutations

When hurt, damage is shared between your health and your magic reserves.


Message History

* * * LOW HITPOINT WARNING * * *
You are more poisoned.
The adder poisons you!
You closely miss the adder.
The adder is lightly wounded.
* * * LOW HITPOINT WARNING * * *
You feel sick. The adder barely misses you.
You hit the adder.
The adder flickers and vanishes!
Deactivating autopickup; reactivate with Ctrl-A.
* * * LOW HITPOINT WARNING * * *
You feel sick. Something bites you but does no damage. Something bites you.
* * * LOW HITPOINT WARNING * * *
You completely miss something.
* * * LOW HITPOINT WARNING * * *
You feel sick. Something bites you but does no damage.
Unknown command.
It was a potion of resistance.
You feel protected.
You die...
Xom chuckles heartily!

.... #. ... .....#
.....# ######
#.##.###.....##
#.##.##.......# #
#.##.##......{#
#.##.##<##......@#
#.......##............#
####.#####.#####.#......
#.#####.# #.#...[..
#÷....... ..# ##.#.
####.#####.# ### #
.....÷### . ####....##.#
####.....#.#.


There were no monsters in sight!

Vanquished Creatures
  An adder (D:2)
  A dart slug (D:1)
  A leopard gecko (D:2)
  A giant cockroach (D:1)
  A goblin (D:1)
  2 hobgoblins (D:1)
  2 bats (D:2)
  2 frilled lizards (D:1)
  A kobold (D:1)
  3 rats
15 creatures vanquished.

Notes
Turn   | Place    | Note
-------+----------+-------------------------------------------
     0 | D:1      | gruber the Demonspawn Chaos Knight began the quest for the
                  | Orb.
     0 | D:1      | Reached XP level 1. HP: 18/18 MP: 1/1
    53 | D:1      | XOM: silly message
   233 | D:1      | XOM: noise
   275 | D:1      | Gained mutation: When hurt, damage is shared between your
                  | health and your magic reserves. [demonic ancestry]
   275 | D:1      | Reached XP level 2. HP: 19/24 MP: 2/2
   622 | D:2      | Reached skill level 4 in Fighting
   688 | D:2      | Found a runed translucent door.
   689 | D:2      | Noticed Crazy Yiuf
   697 | D:2      | HP: 1/25 [Crazy Yiuf/+2 quarterstaff of chaos (12)]
   697 | D:2      | XOM: butterfly on damage
   768 | D:2      | Noticed Jessica
   790 | D:2      | HP: 1/25 [poisoned by an adder]
   791 | D:2      | Succumbed to an adder's poison

Illustrated notes

Levels and vault maps discovered:
D:1:      dpeg_arrival_court, layout_rooms, minmay_strange_pillars
D:2:      layout_loops_cross, first_ration, uniq_jessica,
          uniq_crazy_yiuf_cottage

Skill      XL: |  1  2 |
---------------+-------+-----
Fighting       | 4 |  4.1
Polearms       | |  2.6
Armour         | |  1.7
Dodging        | |  0.8

Action                   || total
-------------------------++-------
Melee: Spear             ||    66
       Unarmed           ||     4
  Use: Scroll            ||     5
       Potion            ||     1
 Stab: Paralysed         ||     3
Armor: Leather armour    ||    16
Dodge: Dodged            ||    31
